 Dungeon Crawl Stone Soup version 0.20-a0-187-ge5586d949a (webtiles) character file.

40 KristoblXynda the Chopper (level 3, -1/31 HPs)
             Began as a Draconian Fighter on Nov 23, 2016.
             Slain by KristoblXynda's ghost (4 damage)
             ... on level 3 of the Dungeon.
             The game lasted 00:00:47 (241 turns).

KristoblXynda the Chopper (Draconian Fighter)        Turns: 241, Time: 00:00:48

Health: -1/31      AC:  5    Str: 24    XL:     3   Next: 30%
Magic:  3/3        EV: 10    Int:  8    God:
Gold:   22         SH:  9    Dex: 10    Spells: 2/2 levels left

rFire  . . .     SeeInvis .     a - +0 war axe
rCold  . . .     Gourm    .     (armour unavailable)
rNeg   . . .     Faith    .     b - +0 shield
rPois  .         Spirit   .     (helmet restricted)
rElec  .         Reflect  .     (no cloak)
rCorr  .         Harm     .     (no gloves)
MR     .....                    (no boots)
Stlth  +.........               (no amulet)
                                (no ring)
                                (no ring)

@: mighty
A: unfitting armour, cold-blooded, AC +5
a: no special abilities


You were on level 3 of the Dungeon.
You were not hungry.

You visited 1 branch of the dungeon, and saw 4 of its levels.

You collected 22 gold pieces.

Inventory:

Hand Weapons
 a - a +0 war axe (weapon)
Armour
 b - a +0 shield (worn)
Scrolls
 g - a scroll of remove curse {unknown}
 j - a scroll of enchant weapon {unknown}
Potions
 e - 2 potions of agility {unknown}
 i - a potion of curing {unknown}
Comestibles
 d - 2 bread rations
 f - a royal jelly
 h - a slice of pizza


   Skills:
 - Level 3.2 Fighting
 + Level 3.8 Axes
 - Level 2.6 Dodging
 - Level 3.0 Shields


You had 2 spell levels left.
You didn't know any spells.

Dungeon Overview and Level Annotations

Branches:
Dungeon (4/15)
 Temple: D:4-7

Altars:

Annotations:
D:3 KristoblXynda's ghost, amateur DrFi


Innate Abilities, Weirdness & Mutations

Your plain brown scales are hard. (AC +5)
You cannot fit into any form of body armour.
You are cold-blooded and may be slowed by cold attacks.


Message History

You feel very mighty all of a sudden. KristoblXynda's ghost hits you!
You hit KristoblXynda's ghost.
KristoblXynda's ghost is lightly damaged.
You block KristoblXynda's ghost's attack.
You hit KristoblXynda's ghost.
KristoblXynda's ghost is lightly damaged.
You block KristoblXynda's ghost's attack.
KristoblXynda's ghost hits you!
* * * LOW HITPOINT WARNING * * *
You slash KristoblXynda's ghost! You tail-slap KristoblXynda's ghost!
KristoblXynda's ghost is heavily damaged.
KristoblXynda's ghost completely misses you.
You closely miss KristoblXynda's ghost.
KristoblXynda's ghost is heavily damaged.
You block KristoblXynda's ghost's attack.
You completely miss KristoblXynda's ghost.
KristoblXynda's ghost is heavily damaged.
KristoblXynda's ghost hits you.
You die...

#$# #.# #># #.#
#.# # #(# .# #)#
###..
######)#####....#
#........@W..#
#.............##
...............#
...............#
...............#
...............#
.................
#.............####
#.....#.....##


You could see KristoblXynda's ghost.

Vanquished Creatures
  2 adders
  A dart slug (D:2)
  2 leopard geckos
  An orc (D:3)
  A giant cockroach (D:2)
  2 goblins (D:2)
  A hobgoblin (D:3)
  4 kobolds
  A quokka (D:2)
  A frilled lizard (D:2)
16 creatures vanquished.

Notes
Turn   | Place    | Note
-------+----------+-------------------------------------------
     0 | D:1      | KristoblXynda the Draconian Fighter began the quest for the Orb.
     0 | D:1      | Reached XP level 1. HP: 19/19 MP: 1/1
    17 | D:1      | You fall through a shaft!
    32 | D:2      | Reached XP level 2. HP: 15/26 MP: 2/2
   193 | D:2      | You fall through a shaft for 2 floors!
   215 | D:3      | Reached XP level 3. HP: 17/31 MP: 3/3
   231 | D:3      | Noticed KristoblXynda's ghost (amateur DrFi)
   241 | D:3      | Slain by KristoblXynda's ghost

Vault maps used:
D:1:      grunt_arrival_crossed_arrows, minmay_tetromino_l2
D:2:      first_bread, uniq_terence
D:3:      minmay_diamond_boxcup, nicolae_dithmenos_through_a_glass_darkly
D:4:      nicolae_overflow_crystal_walls, nicolae_ru_awakened_eye

Skill      XL: |  1 |
---------------+----+-----
Axes           | 3 |  3.8
Fighting       | |  3.2
Dodging        | |  2.6
Shields        | |  3.0

Action                   || total
-------------------------++-------
Melee: War axe           ||    40
       Tailslap          ||     4
  Use: Potion            ||     1
Armor: Skin              ||     8
Dodge: Dodged            ||    18
Block: Shield            ||    17
